 Dungeon Crawl Stone Soup version 0.31-a0-1074-g0b22e4e0f1 (webtiles) character file.

Game seed: 15865524267734650485

3131 olourkin the Cutter (level 9, -2/55 (63) HPs)
             Began as a Demonspawn Gladiator on Dec 4, 2023.
             Was a Believer of Dithmenos.
             Slain by a gnoll
             ... wielding a +0 halberd of draining
              (3 damage)
             ... in a bailey.
             The game lasted 00:35:21 (7587 turns).

olourkin the Cutter (Demonspawn Gladiator)          Turns: 7587, Time: 00:35:22

HP:   -2/55 (63)    AC: 11    Str: 14    XL:     9   Next: 61%
MP:   0/0           EV: 13    Int: 14    God:    Dithmenos [**....]
Gold: 203           SH:  0    Dex: 19    Spells: 8/8 levels left

rFire   + . .        a - +5 rapier of Trauma {elec, rC+}
rCold   + . .        (no shield)
rNeg    . . .        q - +4 ring mail of Patterns {+Blink rF+ MP-9 Dex+4}
rPois   .            (helmet restricted)
rElec   .            f - scarf {repulsion}
rCorr   +            h - +0 pair of gloves
SInv    .            (no boots)
Will    .....        (no amulet)
Stlth   +++          w - ring of resist corrosion
HPRegen 0.29/turn    (no ring)
MPRegen 0.07/turn

%: repel missiles
@: hasted, wreathed by umbra, heavily drained, very quick
A: antennae 1, claws 1, hooves 1, powered by death 2, spiny 1
a: Renounce Religion, Evoke Blink, Shadow Step


You were in a bailey.
You worshipped Dithmenos.
Dithmenos was pleased with you.
You visited 1 branch of the dungeon, and saw 8 of its levels.
You also visited: Bailey.

You collected 419 gold pieces.
You spent 216 gold pieces at shops.

Inventory:

Hand Weapons
 a - the +5 rapier of Trauma (weapon) {elec, rC+}
   (You bought it in a shop on level 3 of the Dungeon)

   rC+:       It protects you from cold.
 t - a +1 whip of electrocution
 y - a +1 war axe of draining
Missiles
 d - 3 throwing nets
 e - a javelin
 k - 71 stones (quivered)
 s - a curare-tipped dart
Armour
 c - a +1 helmet
 f - a scarf of repulsion (worn)
 h - a +0 pair of gloves (worn)
 q - the +4 ring mail of Patterns (worn) {+Blink rF+ MP-9 Dex+4}
   (You found it on level 2 of the Dungeon)

   Dex+4:     It affects your dexterity (+4).
   rF+:       It protects you from fire.
   MP-9:      It affects your magic capacity (-9).
   +Blink:    It lets you blink.
 r - a +0 cloak
 v - a +0 plate armour
 A - an orb of guile
Magical Staves
 F - a staff of death
Jewellery
 w - a ring of resist corrosion (left hand)
Wands
 u - a wand of digging (6)
 x - a wand of mindburst (9)
 D - a wand of flame (18)
Scrolls
 j - a scroll of enchant armour
 l - a scroll of amnesia
 m - 3 scrolls of teleportation
 o - 2 scrolls of enchant weapon
 p - a scroll of blinking
 E - 3 scrolls of fog
 H - a scroll of silence
Potions
 b - 2 potions of magic
 g - a potion of berserk rage {unknown}
 i - 2 potions of haste
 n - a potion of ambrosia {!e}
 z - a potion of invisibility
 B - a potion of resistance
 C - a potion of might
 G - a potion of mutation {unknown}
 I - a potion of curing


   Skills:
 - Level 3.1 Fighting
 * Level 7.3 Short Blades
 - Level 2.7 Axes
 - Level 1.8 Throwing
 + Level 3.8 Armour
 - Level 5.1 Dodging
 + Level 5.5 Stealth
 + Level 5.7 Evocations


You had 8 spell levels left.
You didn't know any spells.
Your spell library contained the following spells:

 Spells                   Type           Power      Damage    Failure   Level
 Magic Dart               Conj           0%         1d3       50%         1
 Call Canine Familiar     Summ           0%         N/A       86%         3
 Sigil of Binding         Hex            0%         N/A       86%         3
 Stone Arrow              Conj/Erth      0%         3d7       86%         3
 Animate Armour           Summ/Erth      0%         N/A       99%         4
 Dimensional Bullseye     Hex/Tloc       0%         N/A       99%         4
 Leda's Liquefaction      Hex/Erth       0%         N/A       99%         4
 Olgreb's Toxic Radiance  Pois           0%         N/A       99%         4
 Discord                  Hex            0%         N/A       100%        8
 Ignition                 Fire           0%         3d3       100%        8
 Lehudib's Crystal Spear  Conj/Erth      0%         10d2      100%        8


Dungeon Overview and Level Annotations

Branches:
Dungeon (8/15)             Temple (0/1) D:5          Bailey (1/1)
   Lair: D:8-11

Altars:
Cheibriados
Dithmenos
Kikubaaqudgha
Okawaru
Ru
Sif Muna
Vehumet

Shops:
D:3 [=!(   D:4 :   D:5 *   D:7 [[

Annotations:
D:3 3 runed translucent doors, Sundig's ghost, amateur HuFi
D:7 3 runed translucent doors, Cadnt's ghost, novice MiHu; Heh's ghost, novice OpVM; THTSBRD's ghost, amateur DsNe; bmb222's ghost, novice VSEn


Innate Abilities, Weirdness & Mutations

You have a pair of small antennae on your head.
You have sharp fingernails.
You have large cloven feet.
You regenerate health from kills.
You are partially covered in sharp spines.


Message History

There is an open door here.
The gnoll is struck by your spines. The gnoll closely misses you.
The gnoll hits you but does no damage.
You feel drained.
There is an open door here.
Things that are here:
a +0 halberd of electrocution; a gnoll corpse The gnoll attacks as it pursues you!
The gnoll hits you from afar with a +2 halberd of draining!
You feel drained.
There is an open door here.
There is an open door here.
The gnoll attacks as it pursues you! The gnoll barely misses you.
The gnoll is struck by your spines.
The gnoll hits you with a +2 halberd of draining!
You feel drained.
There is an open door, spattered with blood here.
You hit the gnoll.
You kill the gnoll!
Dithmenos accepts your kill. The orc warrior barely misses you.
The orc warrior is struck by your spines.
The orc warrior hits you with a +0 halberd of electrocution!
* * * LOW HITPOINT WARNING * * *
The gnoll misses you.
Things that are here:
a +2 halberd of draining; a gnoll corpse You hit the orc warrior but do no damage.
The orc warrior is lightly wounded.
The orc warrior misses you. The gnoll closely misses you.
You closely miss the orc warrior. Your kick misses the orc warrior.
The orc warrior is lightly wounded.
The orc warrior hits you with a +0 halberd of electrocution!
* * * LOW HITPOINT WARNING * * *
You are electrocuted!
* * * LOW HITPOINT WARNING * * *
You feel yourself speed up.
The gnoll hits you from afar with a +0 halberd of draining.
* * * LOW HITPOINT WARNING * * *
You feel drained.
You die...

##)')###)##
+##+##'###'##'##
#.....## ##.....
#.....### #.....
+..⌠..')#{+..∩..
#.....### #.....
##...))## #!....
##'##'##'#
#+##+##
#@###.###.#g#
#o# ### ###
#g###)###)#g#
##g##'##'# #+
+## ##.....##
!.! #.g...###
!.!. +..⌠..')#
g⌠.! #.....###
.o.! #..g..##
#!g


You could see an orc warrior and 2 gnolls.

Vanquished Creatures
  A gargoyle (D:7)
  Jeremiah (D:8)
  A komodo dragon (D:7)
  2 steam dragons (D:7)
  A water moccasin (D:7)
  3 ice beasts
  3 ogres
  A centaur (D:7)
  A phantom (D:7)
  A kobold brigand (D:7)
  2 bullfrogs
  4 scorpions (D:5)
  2 howler monkeys (D:8)
  4 jellies
  2 hounds
  An iron imp (D:6)
  A gnoll bouda (D:8)
  An orc priest (D:4)
  2 sleepcaps
  4 orc wizards
  2 adders
  19 gnolls
  2 white imps
  4 ufetubi
  A worm (D:3)
  33 orcs
  6 endoplasms
  A giant cockroach (D:4)
  8 goblins
  6 hobgoblins
  14 kobolds
  A quokka (D:1)
  7 ball pythons
  3 bats
  2 frilled lizards (D:3)
  6 rats
153 creatures vanquished.

Notes
Turn   | Place    | Note
-------+----------+-------------------------------------------
     0 | D:1      | olourkin the Demonspawn Gladiator began the quest for the
                  | Orb.
     0 | D:1      | Reached XP level 1. HP: 16/16 MP: 1/1
   334 | D:1      | Gained mutation: You regenerate a little health from kills.
                  | [demonic ancestry]
   334 | D:1      | Reached XP level 2. HP: 21/22 MP: 2/2
  1079 | D:2      | Reached skill level 1 in Armour
  1503 | D:2      | Identified the +4 ring mail of Patterns {+Blink rF+ MP-9
                  | Dex+4}
  1807 | D:2      | Gained mutation: You are partially covered in sharp spines.
                  | [demonic ancestry]
  1807 | D:2      | Reached XP level 3. HP: 22/28 MP: 3/3
  2008 | D:3      | Found Bisk's Distillery.
  2302 | D:3      | Found Ugie's Jewellery Emporium.
  2390 | D:3      | Found a runed translucent gate.
  2390 | D:3      | Found a runed translucent gate.
  2390 | D:3      | Found a runed translucent gate.
  2391 | D:3      | Noticed Sundig's ghost (amateur HuFi)
  2474 | D:3      | Found Rapsod's Armour Emporium.
  2794 | D:3      | Found Reaseab's Antique Weapon Shoppe.
  2949 | D:3      | Reached XP level 4. HP: 34/34 MP: 0/4
  3100 | D:4      | Reached skill level 1 in Evocations
  3357 | D:4      | Found a shadowy altar of Dithmenos.
  3367 | D:4      | Became a worshipper of Dithmenos the Shadowed
  3566 | D:4      | Found Seid's Book Shop.
  3665 | D:3      | Bought a translucent rapier for 216 gold pieces
  3665 | D:3      | Identified the +5 rapier of Trauma {elec, rC+} (You bought
                  | it in a shop on level 3 of the Dungeon)
  3915 | D:5      | Entered Level 5 of the Dungeon
  4039 | D:5      | Discovered your monstrous ancestry.
  4039 | D:5      | Gained mutation: You have sharp fingernails. [demonic
                  | ancestry]
  4039 | D:5      | Reached XP level 5. HP: 41/41 MP: 0/5
  4057 | D:5      | Reached skill level 1 in Short Blades
  4108 | D:5      | Noticed an ogre
  4112 | D:5      | Killed an ogre
  4113 | D:5      | Reached skill level 1 in Stealth
  4113 | D:5      | Found a staircase to the Ecumenical Temple.
  4274 | D:5      | Reached skill level 2 in Short Blades
  4274 | D:5      | Gained mutation: You regenerate health from kills. [demonic
                  | ancestry]
  4274 | D:5      | Reached XP level 6. HP: 44/47 MP: 0/6
  4531 | D:5      | Found Coun's Lightly-Used Armoury.
  4780 | D:5      | Reached skill level 3 in Short Blades
  4859 | D:5      | Gained mutation: You have a pair of small antennae on your
                  | head. [demonic ancestry]
  4859 | D:5      | Reached XP level 7. HP: 52/52 MP: 0/7
  4920 | D:5      | Found a radiant altar of Vehumet.
  4927 | D:5      | Got Vehumet's Compilation of Violence
  4989 | D:5      | Found a shimmering blue altar of Sif Muna.
  4989 | D:5      | Found an ancient bone altar of Kikubaaqudgha.
  5423 | D:6      | Reached skill level 4 in Short Blades
  5594 | D:6      | Found a snail-covered altar of Cheibriados.
  5859 | D:6      | Gained mutation: You have large cloven feet. [demonic
                  | ancestry]
  5859 | D:6      | Reached XP level 8. HP: 58/58 MP: 0/8
  6453 | D:7      | Noticed THTSBRD's ghost (amateur DsNe)
  6453 | D:7      | Noticed Heh's ghost (novice OpVM)
  6453 | D:7      | Noticed Cadnt's ghost (novice MiHu)
  6453 | D:7      | Noticed bmb222's ghost (novice VSEn)
  6453 | D:7      | Found a runed translucent gate.
  6453 | D:7      | Found a runed translucent gate.
  6453 | D:7      | Found a runed translucent gate.
  6492 | D:7      | Reached * piety under Dithmenos
  6498 | D:7      | Found Ajuv's Armour Emporium.
  6592 | D:7      | Reached skill level 5 in Short Blades
  6789 | D:7      | Found a sacrificial altar of Ru.
  6864 | D:7      | Noticed a gargoyle
  6868 | D:7      | Killed a gargoyle
  6869 | D:7      | Reached skill level 6 in Short Blades
  6869 | D:7      | Reached XP level 9. HP: 63/63 MP: 0/9
  6889 | D:7      | Noticed a manticore
  7032 | D:7      | Reached skill level 5 in Evocations
  7039 | D:7      | Found Hysmenud's Antique Armour Boutique.
  7082 | D:7      | Found an iron altar of Okawaru.
  7191 | D:7      | Noticed a komodo dragon
  7194 | D:7      | Killed a komodo dragon
  7195 | D:7      | Reached skill level 5 in Stealth
  7311 | D:8      | Noticed Jeremiah
  7313 | D:8      | Killed Jeremiah
  7314 | D:8      | Reached skill level 7 in Short Blades
  7314 | D:8      | Reached skill level 5 in Dodging
  7440 | D:8      | Found a flagged portal.
  7453 | D:8      | Reached ** piety under Dithmenos
  7463 | Bailey   | Entered a bailey
  7587 | Bailey   | HP: 1/56 [gnoll/+0 halberd of draining (6)]
  7587 | Bailey   | Slain by a gnoll

Illustrated notes

Levels and vault maps discovered:
D:1:      dpeg_cavernosity, layout_basic, nrook_uturn
D:2:      layout_basic, hangedman_decor_growths
D:3:      layout_basic, ebering_ghost_rock_garden, serial_shops, shop, shop,
          shop, shop, corexii_corridor_pit, minmay_misc_feat_ornament
D:4:      layout_basic, nicolae_dithmenos_shadow_blocks, serial_shops,
          nicolae_book_shop_shelving
D:5:      layout_basic, grunt_temple_overflow_magic_moments,
          minmay_temple_entry_ruins, serial_bayou_pond_d, minmay_shop_damaged
D:6:      layout_loops_ring, slow_altar_2, nicolae_elevator_lobby_asterisk
D:7:      layout_rooms, kennysheep_mini, kennysheep_little_box,
          mainiacjoe_overflow_small_starburst, gammafunk_ghost_cemetery,
          serial_shops, nicolae_shop_real_fake_doors, shop, kb_rosetta
D:8:      layout_basic, grunt_temple_overflow_open, enter_bailey_4,
          uniq_jeremiah
Bailey:   bailey_polearm_nasty_gnolls, bailey

Skill      XL: |  1  2  3  4  5  6  7  8  9 |
---------------+----------------------------+-----
Dodging        | 3 4 5 |  5.1
Armour         | 1 2 3 |  3.8
Fighting       | 3 |  3.1
Evocations     | 1 2 3 4 5 |  5.7
Short Blades   | 2 3 4 6 7 |  7.3
Stealth        | 1 2 3 4 5 |  5.5
Axes           | |  2.7
Throwing       | |  1.8

Action                     |  1- 3 |  4- 6 |  7- 9 || total
---------------------------+-------+-------+-------++-------
  Melee: War axe           |    87 |     6 |       ||    93
         Punch             |     2 |       |     2 ||     4
         Whip              |       |    11 |       ||    11
         Rapier            |       |    66 |   152 ||   218
         Kick              |       |       |    34 ||    34
  Throw: Stone             |       |       |     7 ||     7
  Evoke: Wand              |       |     1 |     3 ||     4
    Use: Scroll            |     5 |       |    16 ||    21
         Potion            |       |       |     1 ||     1
   Stab: Sleeping          |     1 |       |    15 ||    16
 Armour: Leather armour    |    19 |       |       ||    19
         Scale mail        |    15 |       |       ||    15
         Ring mail         |     8 |    36 |    76 ||   120
  Dodge: Dodged            |    45 |    31 |    91 ||   167

Table legend: (Time is in decaauts)
 A = Elapsed time spent in this place.
 B = Non-inter-level travel time spent in this place.
 C = Inter-level travel time spent in this place.
 D = Time resting spent in this place.
 E = Time spent auto-exploring this place.
 F = Levels seen in this place.
 G = Mean time per level.
                   A        B        C        D        E       F      G
               +--------+--------+--------+--------+--------+-----+--------+
         Total |   7629 |   7169 |    460 |    829 |   4656 |   9 |  847.7 |
       Dungeon |   7508 |   7048 |    460 |    811 |   4656 |   8 |  938.5 |
        Bailey |    120 |    120 |      0 |     18 |      0 |   1 |  120.0 |
               +--------+--------+--------+--------+--------+-----+--------+

Top non-repeatable levels by time:
     D:5: 1264 daAuts
     D:6: 1219 daAuts
     D:3: 1189 daAuts
     D:1: 1035 daAuts
     D:2: 965 daAuts
     D:4: 871 daAuts
     D:7: 774 daAuts
     D:8: 189 daAuts
  Bailey: 120 daAuts
